Map: Acid Plant LE

Players

True - Winner!

  • Race: Zerg Zerg
  • League: Master
  • Spawn Location: 5:00

Zanster

  • Race: Zerg Zerg
  • Spawn Location: 11:00

Event: Memes & Dreams Invitational

VOD

Have the link to the VOD?

Description

Time

  • Played on: April 14, 2018, 1:35 a.m.
  • Length: 9:00

All games in this series

Show
View Real Time Build Order
Export as new Build Order

True Zerg - Winner!

Build Orders: Hatch First, Zergling Baneling 

Get SALT Encoding   

  12  0:00  Drone  
  13  0:11  Overlord  
  13  0:16  Drone  
  14  0:30  Drone x2  
  14  0:34  Drone  
  17  0:51  Hatchery  
  17  0:55  Drone  
  18  0:57  Drone  
  18  1:04  Extractor  
  17  1:13  Spawning Pool  
  17  1:18  Drone  
  17  1:19  Drone  
  18  1:27  Drone  
  19  1:37  Overlord  
  19  1:59  Queen  
  19  2:01  Drone x2  
  23  2:02  Queen  
  23  2:03  Drone  
  23  2:07  Metabolic Boost  
  26  2:11  Drone  
  27  2:16  Drone  
  27  2:21  Drone  
  29  2:24  Drone  
  30  2:38  Hatchery  
  30  2:42  Baneling Nest  
  28  2:45  Zergling x2  
  28  2:46  Drone  
  28  2:50  Drone  
  31  2:52  Drone  
  31  2:54  Zergling x2  
  33  2:58  Overlord  
  33  3:03  Zergling x2  
  34  3:06  Overlord  
  34  3:09  Zergling x2  
  34  3:10  Zergling x2  
  36  3:15  Overlord  
  36  3:26  Drone  
  36  3:27  Drone x2  
  38  3:28  Drone x2  
  38  3:30  Drone  
  38  3:33  Baneling  
  38  3:34  Baneling  
  41  3:35  Queen  
  43  3:42  Zergling x6  
  43  3:43  Zergling x2  
  43  3:45  Baneling  
  43  3:46  Baneling  
  43  3:47  Zergling x2  
  48  3:50  Zergling x2  
  48  3:51  Zergling x2  
  48  3:55  Zergling x4  
  51  3:57  Zergling x2  
  51  3:58  Zergling x2  
  51  3:59  Baneling  
  51  4:01  Zergling x2  
  54  4:04  Zergling x2  
  54  4:07  Baneling, Zergling x2  
  54  4:09  Zergling x2  
  55  4:26  Hatchery  
  55  4:30  Overlord  
  51  4:31  Lair  
  51  4:38  Drone x2  
  49  4:39  Drone x2  
  49  4:45  Overlord  
  51  4:49  Drone x2  
  51  4:50  Drone x5  
  58  4:53  Zergling x2  
  58  4:55  Baneling x2, Extractor, Zergling x2  
  58  4:58  Extractor  
  58  4:59  Extractor  
  57  5:05  Zergling x2  
  58  5:11  Drone  
  58  5:13  Baneling  
  58  5:14  Baneling, Overlord  
  59  5:18  Drone x4  
  59  5:19  Drone x3  
  66  5:27  Overlord  
  66  5:34  Zergling x2  
  67  5:42  Spire, Overlord  
  66  5:49  Overlord  
  66  5:55  Drone  
  66  5:56  Drone x6  
  72  6:00  Extractor x2  
  72  6:02  Spine Crawler  
  69  6:04  Drone  
  70  6:13  Overlord  
  70  6:14  Zergling x14  
  77  6:19  Zergling x4  
  76  6:35  Overlord x2  
  70  6:55  Mutalisk  
  70  6:56  Mutalisk x8  
  85  7:02  Mutalisk  
  87  7:08  Drone  
  87  7:09  Drone x5  
  87  7:10  Drone  
  87  7:11  Drone  
  95  7:18  Mutalisk, Hatchery  
  95  7:19  Overlord  
  95  7:20  Mutalisk  
  98  7:24  Overlord  
  98  7:27  Mutalisk  
  100  7:34  Mutalisk  
  102  7:37  Drone x6  
  102  7:41  Mutalisk  
  110  7:45  Mutalisk  
  110  7:48  Zergling x2  
  110  7:49  Zergling x6  
  116  7:56  Zergling x4  
  118  7:58  Zergling x2  
  118  8:00  Overseer  
  114  8:06  Drone x5  
  114  8:07  Drone x2  
  114  8:08  Overlord  
  119  8:14  Overlord  
  119  8:16  Extractor, Overseer, Zergling x2  
  119  8:17  Zergling x4  
  121  8:21  Extractor  
  121  8:23  Zergling x2  
  121  8:31  Zergling x8  
  125  8:38  Zergling x18  
  125  8:40  Zergling x2  
  135  8:41  Zergling x2  
  135  8:43  Zergling x4  
Show
View Real Time Build Order
Export as new Build Order

Zanster Zerg 

Build Orders: Hatch First 

Get SALT Encoding   

  12  0:00  Drone  
  13  0:13  Overlord  
  13  0:17  Drone  
  14  0:31  Drone x2  
  16  0:35  Drone  
  17  0:52  Hatchery  
  17  0:55  Drone  
  17  0:57  Drone  
  18  1:09  Extractor  
  17  1:13  Spawning Pool  
  17  1:16  Drone  
  17  1:19  Drone  
  18  1:30  Drone  
  19  1:40  Drone  
  20  1:50  Overlord  
  20  2:00  Queen  
  22  2:04  Queen  
  22  2:07  Drone x2  
  26  2:10  Metabolic Boost  
  26  2:13  Drone  
  27  2:23  Zergling x4  
  27  2:28  Drone  
  30  2:33  Drone  
  30  2:36  Queen  
  33  2:43  Hatchery  
  32  2:45  Drone  
  32  2:49  Overlord  
  33  2:51  Drone  
  34  3:00  Zergling x4  
  36  3:10  Zergling x2  
  36  3:11  Zergling x8  
  41  3:16  Baneling Nest  
  41  3:17  Zergling x2  
  41  3:18  Zergling x2  
  41  3:19  Zergling x2  
  43  3:22  Zergling x2  
  44  3:28  Overlord  
  43  3:45  Queen  
  43  3:46  Drone x5  
  43  3:48  Zergling x2  
  50  3:59  Drone x3  
  51  4:05  Drone  
  51  4:06  Drone x3  
  53  4:10  Evolution Chamber  
  53  4:11  Baneling x2  
  53  4:13  Zergling x2  
  53  4:15  Zergling x2  
  54  4:17  Drone  
  54  4:21  Zergling x2  
  54  4:22  Zergling x4  
  56  4:30  Extractor, Overlord  
  50  4:32  Baneling x2  
  50  4:36  Drone x4  
  50  4:37  Drone  
  54  4:39  Baneling  
  54  4:42  Zergling x4  
  56  4:46  Zerg Missile Weapons Level 1  
  56  4:51  Extractor, Drone  
  56  4:52  Drone x2  
  58  4:58  Drone x3  
  61  5:03  Roach Warren  
  61  5:05  Overlord  
  58  5:09  Baneling  
  58  5:10  Baneling  
  58  5:11  Drone  
  58  5:12  Drone x3  
  62  5:16  Drone  
  62  5:21  Overlord  
  63  5:22  Lair  
  63  5:24  Drone  
  63  5:25  Drone  
  63  5:26  Drone  
  63  5:27  Drone x2  
  68  5:31  Extractor  
  68  5:32  Drone x2  
  68  5:33  Drone  
  70  5:38  Drone  
  70  5:39  Drone x3  
  74  5:44  Overlord  
  74  5:48  Drone  
  75  5:53  Extractor  
  72  5:58  Roach  
  72  5:59  Roach x3  
  72  6:01  Overlord x2  
  80  6:08  Roach x3  
  80  6:10  Overlord  
  86  6:15  Drone x2  
  86  6:16  Drone  
  86  6:17  Overlord  
  89  6:19  Drone x2  
  89  6:20  Drone  
  89  6:21  Drone x2, Extractor  
  89  6:25  Hatchery  
  91  6:35  Roach  
  91  6:36  Roach x5  
  101  6:46  Overlord  
  99  6:48  Drone, Hydralisk Den  
  99  6:49  Drone x3  
  99  6:54  Glial Reconstitution  
  100  6:59  Roach x3  
  102  7:11  Drone  
  102  7:12  Drone x2  
  105  7:18  Hydralisk  
  105  7:19  Hydralisk x4  
  105  7:22  Hydralisk  
  115  7:26  Overlord  
  115  7:28  Hydralisk  
  119  7:31  Spore Crawler  
  119  7:34  Hydralisk x2  
  122  7:38  Spore Crawler  
  122  7:42  Overlord x3  
  121  7:45  Overlord  
  121  7:48  Spore Crawler  
  118  7:59  Queen  
  118  8:01  Drone x8  
  120  8:09  Hydralisk x2  
  120  8:11  Hydralisk  
  118  8:14  Overlord  
  118  8:15  Spore Crawler  
  118  8:19  Spore Crawler  
  116  8:20  Hydralisk x2  
  116  8:25  Overlord  
  120  8:29  Lurker Den  
  120  8:32  Hydralisk x3  
  120  8:33  Hydralisk  
  121  8:40  Drone  
  121  8:41  Drone x4  
  124  8:43  Drone x2  
Tags
 
Add a new tag
Caveats
  • Supply blocks, unpowered buildings, or Contaminate may cause inaccurate times.
  • Supply counts are checked every 10 seconds.